 Dungeon Crawl Stone Soup version 0.24-a0-123-ga2403f3307 (webtiles) character file.

Game seed: 787976689907389872

212 Hercules1031 the Skirmisher (level 5, -9/42 HPs)
             Began as a Demonspawn Fighter on Feb 21, 2019.
             Mangled by an ogre
             ... wielding a +0 giant club
              (17 damage)
             ... on level 4 of the Dungeon.
             The game lasted 00:06:08 (2955 turns).

Hercules1031 the Skirmisher (Demonspawn Fighter)    Turns: 2955, Time: 00:06:08

Health: -9/42      AC: 10    Str: 17    XL:     5   Next: 58%
Magic:  5/5        EV:  7    Int:  9    God:
Gold:   125        SH:  9    Dex: 13    Spells: 4/4 levels left

rFire    . . .     SeeInvis .   a - +0 war axe
rCold    . . .     Gourm    .   c - +0 shield
rNeg     . . .     Faith    .   q - +0 chain mail
rPois    .         Spirit   .   (no helmet)
rElec    .         Reflect  .   k - +0 cloak
rCorr    .         Harm     .   (no gloves)
MR       .....                  (no boots)
Stlth    ..........             (no amulet)
HPRegen  0.14/turn              (no ring)
MPRegen  0.09/turn              (no ring)

@: no status effects
A: repulsion field 1, demonic guardian 1
a: no special abilities


You were on level 4 of the Dungeon.
You were not hungry.

You visited 1 branch of the dungeon, and saw 4 of its levels.

You collected 125 gold pieces.

Inventory:

Hand Weapons
 a - a +0 war axe (weapon)
 i - a +4 quarterstaff of chaos
Armour
 b - a +0 scale mail
 c - a +0 shield (worn)
 k - a +0 cloak (worn)
 q - a +0 chain mail (worn)
Wands
 p - a wand of clouds (7)
 r - a wand of random effects (20)
 s - a wand of iceblast (4)
Scrolls
 e - 6 scrolls of identify
 g - 2 scrolls of noise {unknown}
 h - a scroll of fog {unknown}
 j - a scroll of amnesia {unknown}
 l - a scroll of blinking {unknown}
 m - a scroll of immolation {unknown}
 o - 2 scrolls of teleportation {unknown}
 u - a scroll of magic mapping {unknown}
 v - a scroll of enchant weapon {unknown}
 w - a scroll of remove curse
Potions
 d - 2 potions of might
 n - a potion of curing
 t - 3 potions of flight
Comestibles
 f - 4 rations


   Skills:
 + Level 3.8 Fighting
 + Level 2.8 Axes
 + Level 3.5 Armour
 + Level 2.0 Dodging
 + Level 3.4 Shields


You had 4 spell levels left.
You didn't know any spells.
Your spell library was empty.

Dungeon Overview and Level Annotations

Branches:
Dungeon (4/15)
 Temple: D:4-7

Altars:
Qazlal


Innate Abilities, Weirdness & Mutations

You are surrounded by a mild repulsion field. (EV +2)
A weak demonic guardian rushes to your aid.


Message History

An ooze is nearby!
Unknown command.
You hit the ooze.
The ooze is moderately wounded.
You block the ooze's attack.
The ooze jiggles.
The ooze hits you but does no damage.
You slash the ooze!
You kill the ooze!
There is an escape hatch in the floor here.
An ogre comes into view. It is wielding a +0 giant club.
The ogre shouts!
The ogre hits you with a +0 giant club!
An ogre is nearby!
Your shield and chain mail prevent you from hitting the ogre.
The ogre hits you with a +0 giant club!!
Ouch! That really hurt!
* * * LOW HITPOINT WARNING * * *
The ogre hits you with a +0 giant club!
You die...

##.##..>.### ..
#....###.# .# ......###
#.# .# #
......#####.### .# ..
..............###.###.#
..####............#..#
## #..##...........#
#..#.....##.5##...
#....#.#..O@##
...##.#......# #...
#.#...##..# #.. #.#..##
#... ##.# #.... #. ....
#. ... .#


You could see an ogre and a friendly white imp.

Vanquished Creatures
  Crazy Yiuf (D:2)
  A worker ant (D:3)
  3 gnolls (D:2)
  5 adders
  2 oozes
  A worm (D:3)
  A dart slug (D:3)
  3 leopard geckos
  3 giant cockroaches
  6 goblins
  4 hobgoblins
  A ball python (D:1)
  7 bats
  2 frilled lizards
  5 kobolds
  8 rats
53 creatures vanquished.

Vanquished Creatures (collateral kills)
  Ijyb (D:3)
  A worker ant (D:2)
  A frilled lizard (D:2)
3 creatures vanquished.

Grand Total: 56 creatures vanquished

Notes
Turn   | Place    | Note
-------+----------+-------------------------------------------
     0 | D:1      | Hercules1031 the Demonspawn Fighter began the quest for the
                  | Orb.
     0 | D:1      | Reached XP level 1. HP: 18/18 MP: 1/1
   157 | D:1      | Gained mutation: A weak demonic guardian rushes to your
                  | aid. [demonic ancestry]
   157 | D:1      | Reached XP level 2. HP: 16/24 MP: 2/2
   725 | D:2      | Found a stormy altar of Qazlal.
   909 | D:2      | Gained mutation: You are surrounded by a mild repulsion
                  | field. (EV +2) [demonic ancestry]
   909 | D:2      | Reached XP level 3. HP: 16/29 MP: 3/3
  1055 | D:2      | Reached skill level 1 in Dodging
  1247 | D:2      | Reached XP level 4. HP: 33/35 MP: 4/4
  1607 | D:2      | Found a runed translucent door.
  1608 | D:2      | Noticed Crazy Yiuf
  1662 | D:2      | Killed Crazy Yiuf
  2163 | D:3      | Reached XP level 5. HP: 42/42 MP: 5/5
  2274 | D:3      | Noticed Ijyb
  2284 | D:3      | Killed Ijyb
  2953 | D:4      | Noticed an ogre
  2955 | D:4      | Mangled by an ogre

Levels and vault maps discovered:
D:1:      erik_arrival_triangle_medium, layout_basic
D:2:      layout_basic, first_ration, grunt_qazlal_sundering,
          uniq_crazy_yiuf_cottage
D:3:      layout_basic, minivault_4, kennysheep_pointless_box, uniq_ijyb
D:4:      minmay_general_purpose_star, layout_layer_cave, serial_shops,
          nicolae_shop_behind_doors, uniq_natasha

Skill      XL: |  1  2  3  4  5 |
---------------+----------------+-----
Axes           | 2 |  2.8
Shields        | 3 |  3.4
Armour         | 3 |  3.5
Dodging        | 1 2 |  2.0
Fighting       | |  3.8

Action                   |  1- 3 |  4- 6 || total
-------------------------+-------+-------++-------
Melee: War axe           |    74 |   121 ||   195
  Use: Scroll            |     3 |       ||     3
       Potion            |     2 |     1 ||     3
  Eat: Ration            |     1 |     2 ||     3
Armor: Scale mail        |    31 |    19 ||    50
       Chain mail        |       |    55 ||    55
Dodge: Dodged            |    23 |    43 ||    66
Block: Shield            |    36 |    70 ||   106

Table legend:
 A = Non-vault XP
 B = Vault XP
 C = Vault XP percentage of total XP
 D = Non-vault monster count
 E = Vault monster count
 F = Vault count percentage of total count
                 A         B        C        D         E       F
            +---------+---------+-------+---------+---------+-------
      Total |     235 |      68 |  22.4 |      54 |       2 |   3.6
            +---------+---------+-------+---------+---------+-------
        D:1 |      32 |       0 |   0.0 |      21 |       0 |   0.0
        D:2 |     101 |      39 |  27.9 |      12 |       1 |   7.7
        D:3 |      95 |      29 |  23.4 |      20 |       1 |   4.8
        D:4 |       7 |       0 |   0.0 |       1 |       0 |   0.0
            +---------+---------+-------+---------+---------+-------
